 Dungeon Crawl Stone Soup version 0.20.0-15-g7f486f2 (webtiles) character file.

396 Goboxel the Slasher (level 6, -2/47 HPs)
             Began as a Demonspawn Gladiator on June 17, 2017.
             Slain by an iron imp (11 damage)
             ... summoned by Eustachio
             ... on level 5 of the Dungeon.
             The game lasted 00:07:58 (5669 turns).

Goboxel the Slasher (Demonspawn Gladiator)          Turns: 5669, Time: 00:07:58

Health: -2/47      AC:  4    Str: 15    XL:     6   Next: 52%
Magic:  6/6        EV: 14    Int:  9    God:
Gold:   163        SH:  0    Dex: 16    Spells: 5/5 levels left

rFire    . . .     SeeInvis +   a - +0 long sword
rCold    . . .     Gourm    .   (no shield)
rNeg     . . .     Faith    .   b - +0 leather armour
rPois    .         Spirit   .   (helmet restricted)
rElec    .         Reflect  .   g - +0 cloak
rCorr    .         Harm     .   (no gloves)
MR       .....                  (no boots)
Stlth    ++........             (no amulet)
Regen    0.2/turn               k - ring of see invisible
MPRegen  0.1/turn               (no ring)

@: no status effects
A: antennae 2, claws 1, hooves 1
a: no special abilities


You were on level 5 of the Dungeon.
You were not hungry.

You visited 1 branch of the dungeon, and saw 5 of its levels.

You collected 163 gold pieces.

Inventory:

Hand Weapons
 a - a +0 long sword (weapon)
 e - a +0 short sword of speed
Missiles
 d - 3 throwing nets (quivered)
Armour
 b - a +0 leather armour (worn)
 c - a +0 helmet
 g - a +0 cloak (worn)
Jewellery
 k - a ring of see invisible (left claw)
 n - an uncursed ring of protection from cold {unknown}
Scrolls
 h - 5 scrolls of identify {unknown}
 j - 4 scrolls of magic mapping {unknown}
 l - 2 scrolls of amnesia {unknown}
 m - 3 scrolls of remove curse {unknown}
Potions
 i - a potion of flight {unknown}
 o - a potion of degeneration {unknown}
 q - a potion of heal wounds
 r - a potion of magic {unknown}
 s - a potion of resistance {unknown}
 t - a potion of might {unknown}
 v - a potion of ambrosia {unknown}
Comestibles
 f - 6 bread rations
 p - a fruit
 u - a meat ration


   Skills:
 + Level 3.6 Fighting
 * Level 5.1 Long Blades
 - Level 1.7 Throwing
 + Level 3.8 Dodging
 + Level 1.7 Stealth


You had 5 spell levels left.
You didn't know any spells.

Dungeon Overview and Level Annotations

Branches:
Dungeon (5/15)
 Temple: D:4-7

Altars:
Ru

Annotations:
D:2 Sigmund
D:5 Eustachio


Innate Abilities, Weirdness & Mutations

You have a pair of antennae on your head.
You have sharp fingernails.
You have large cloven feet.


Message History

Eustachio hits you with a rapier of speed!
Unknown command.
You hit Eustachio but do no damage. Your kick misses Eustachio.
Eustachio is severely wounded.
Eustachio hits you with a rapier of speed.
* * * LOW HITPOINT WARNING * * *
The iron imp completely misses you.
You riposte.
You slash the iron imp!
You kick the iron imp, but do no damage.
The iron imp is heavily wounded.
You hit Eustachio but do no damage. You kick Eustachio, but do no damage.
Eustachio is severely wounded.
Eustachio hits you with a rapier of speed.
* * * LOW HITPOINT WARNING * * *
The iron imp hits you.
* * * LOW HITPOINT WARNING * * *
Eustachio barely misses you.
You hit the iron imp but do no damage. Your kick misses the iron imp.
The iron imp is heavily wounded.
The iron imp hits you!
You die...

### ############# #..
{#......<.)).# #.#
#.#########.# +## #.# #.#
#)# .)# #.# #.# #.# ..# #.#
#.# #.# .$# #.# #.# #.# #
..#
###.#########b#########.#.#.
...
#.>.......5@@b..............
...
#.#.#########r####........##
.# #.#........
#.####........+ # #{##.####
#.##..........# {#{......#
#..'............ .
#...55.#....#
####............ ...#..r...#
.... #......######
...#....... ... #......#
...#........ .. #......#


You could see Eustachio, an iron imp, 2 bats and a rat.

Vanquished Creatures
  An ogre (D:5)
  A hound (D:4)
  2 orc wizards
  An orc priest (D:5)
  A worker ant (D:4)
  Robin (D:3)
  5 adders
  An ooze (D:2)
  An adder skeleton (D:4)
  2 worms
  2 dart slugs
  4 leopard geckos
  13 orcs
  A ball python (D:2)
  3 bats
  2 giant cockroaches
  11 goblins
  8 hobgoblins
  5 jackals
  6 frilled lizards
  A jackal skeleton (D:4)
  10 kobolds
  A leopard gecko skeleton (D:4)
  9 rats
92 creatures vanquished.

Notes
Turn   | Place    | Note
-------+----------+-------------------------------------------
     0 | D:1      | Goboxel the Demonspawn Gladiator began the quest for the Orb.
     0 | D:1      | Reached XP level 1. HP: 16/16 MP: 1/1
   563 | D:1      | Gained mutation: You have large cloven feet. [demonic ancestry]
   563 | D:1      | Reached XP level 2. HP: 18/22 MP: 2/2
   694 | D:1      | Reached skill level 3 in Long Blades
  1232 | D:2      | Gained mutation: You have a pair of small antennae on your head. [demonic ancestry]
  1232 | D:2      | Reached XP level 3. HP: 13/28 MP: 3/3
  1778 | D:2      | Noticed Sigmund
  1937 | D:2      | Found a sacrificial altar of Ru.
  2241 | D:3      | Noticed Robin
  2269 | D:3      | Killed Robin
  2269 | D:3      | Gained mutation: You have sharp fingernails. [demonic ancestry]
  2269 | D:3      | Reached XP level 4. HP: 27/34 MP: 4/4
  3191 | D:3      | Reached skill level 4 in Long Blades
  3413 | D:3      | Gained mutation: You have a pair of antennae on your head. [demonic ancestry]
  3413 | D:3      | Reached XP level 5. HP: 39/41 MP: 5/5
  4859 | D:5      | Entered Level 5 of the Dungeon
  4859 | D:5      | Noticed a phantom
  5012 | D:4      | Reached skill level 1 in Stealth
  5109 | D:5      | Noticed an ogre
  5119 | D:5      | Killed an ogre
  5119 | D:5      | Reached XP level 6. HP: 24/47 MP: 6/6
  5419 | D:4      | Reached skill level 5 in Long Blades
  5639 | D:5      | Noticed Eustachio
  5669 | D:5      | Slain by an iron imp

Skill      XL: |  1  2  3  4  5  6 |
---------------+-------------------+-----
Long Blades    | 3 4 5 |  5.1
Dodging        | 3 |  3.8
Fighting       | 3 |  3.6
Stealth        | 1 |  1.7
Throwing       | |  1.7

Action                   |  1- 3 |  4- 6 || total
-------------------------+-------+-------++-------
Melee: Long sword        |   152 |   182 ||   334
       Kick              |    34 |    50 ||    84
  Use: Potion            |     1 |     1 ||     2
 Stab: Sleeping          |     2 |     1 ||     3
  Eat: Chunk             |     4 |    11 ||    15
Armor: Leather armour    |    46 |    36 ||    82
Dodge: Dodged            |   104 |   109 ||   213
       Rpst.: Long sword |    28 |    31 ||    59
